 Dungeon Crawl Stone Soup version 0.30-a0-859-gf88a04b62d (webtiles) character file.

Game seed: 8774348948159263359

18 zenocrate the Insei (level 2, -1/18 HPs)
             Began as an Octopode Transmuter on Mar 7, 2023.
             Slain by a rat (2 damage)
             ... on level 1 of the Dungeon.
             The game lasted 00:00:29 (346 turns).

zenocrate the Insei (Octopode Transmuter)            Turns: 346, Time: 00:00:30

Health: -1/18      AC:  1    Str:  9    XL:     2   Next: 66%
Magic:  2/5        EV: 13    Int: 15    God:
Gold:   27         SH:  0    Dex: 12    Spells: 2/5 levels left

rFire   . . .      SeeInvis .      - Unarmed
rCold   . . .      Faith    .    (no shield)
rNeg    . . .      Spirit   .    (helmet currently unavailable)
rPois   .          Reflect  .    (no amulet)
rElec   .          Rampage  .    (no ring)
rCorr   .                        (no ring)
Will    .....                    (no ring)
Stlth   +++                      (no ring)
HPRegen 0.23/turn                (no ring)
MPRegen 0.09/turn                (no ring)
                                 (no ring)
                                 (no ring)

@: appendages, wereblooded
A: tentacle spike 3, almost no armour, amphibious, 8 rings, camouflage 1,
gelatinous body 1, (nimble swimmer 1), tentacles
a: End Transformation


You were on level 1 of the Dungeon.
One of your tentacles had grown a beastly spike.
You visited 1 branch of the dungeon, and saw 1 of its levels.

You collected 27 gold pieces.

Inventory:

Missiles
 b - 5 atropa-tipped darts
Scrolls
 c - a scroll of teleportation {unknown}
Potions
 a - a potion of lignification
 d - a potion of heal wounds {unknown}


   Skills:
 - Level 1.0 Fighting
 - Level 2.0 Dodging
 + Level 1.7 Stealth
 + Level 3.3 Unarmed Combat
 - Level 2.0 Spellcasting
 + Level 2.4 Transmutations


You had 2 spell levels left.
You knew the following spells:

 Your Spells              Type           Power      Damage    Failure   Level
a - Beastly Appendage     Tmut           16%        N/A       9%          1
b - Wereblood             Tmut           8%         N/A       13%         2

Your spell library contained the following spells:

 Spells                   Type           Power      Damage    Failure   Level
 Spider Form              Tmut/Pois      5%         N/A       38%         3
 Ice Form                 Ice/Tmut       5%         N/A       80%         4


Dungeon Overview and Level Annotations

Branches:
Dungeon (1/15)

Altars:


Innate Abilities, Weirdness & Mutations

One of your tentacles has grown a beastly spike.
You cannot wear most types of armour.
You are amphibious.
You can wear up to eight rings at the same time.
Your skin changes colour to match your surroundings (Stealth+).
Your rubbery body absorbs attacks. (AC +1, EV +1)
((You are camouflaged when in or above water. (Stealth+)))
You have tentacles for arms and can constrict up to eight enemies at once.


Message History

A bat comes into view.
There are monsters nearby!
The bat hits you but does no damage.
You tentacle-slap the bat. Your grab misses the bat.
The bat is moderately wounded.
The bat barely misses you.
An endoplasm comes into view.
The bat completely misses you.
The kobold shouts!
You closely miss the bat. Your grab misses the bat.
The endoplasm quivers.
The bat misses you. The kobold barely misses you.
A rat comes into view.
You miss the kobold. Your grab misses the kobold. The bat barely misses you.
The kobold barely misses you. The bat attacks as you move away!
The bat barely misses you. The bat closely misses you.
The kobold hits you with a +0 dagger.
You barely miss the kobold. Your grab misses the kobold.
Your squeeze misses the kobold. The bat closely misses you.
The kobold closely misses you.
You closely miss the kobold. You grab the kobold.
You squeeze the kobold, but do no damage.
You constrict the kobold. The bat barely misses you.
The kobold hits you with a +0 dagger.
Casting: Wereblood (safe; 13% risk of failure)
Confirm with . or Enter, or press ? or * to list all spells.
One of your tentacles grows a vicious spike.
You constrict the kobold, but do no damage.
The bat misses you. The bat barely misses you.
The kobold hits you with a +0 dagger. The endoplasm barely misses you.
Casting: Beastly Appendage (safe; 9% risk of failure)
Confirm with . or Enter, or press ? or * to list all spells.
Your blood is infused with primal strength.
You constrict the kobold. The bat completely misses you.
The bat barely misses you. The kobold hits you with a +0 dagger.
The endoplasm freezes you.
You are frozen.
* * * LOW HITPOINT WARNING * * *
The rat bites you.
You die...

.##....>.#.[..†#.....##..#.##...
##...#.#......)..#.....#'#####
.......#$....#.....####......#
!......##...##...............#
...###.###.............#..
#....$....#.#............
##.##...###..#####.#####.
#....#.###........#####.
...##...K@.......##.......
##......Jbr......##.######
...................# #
#......)....###....####
#.....................###
#..........########......
#..........# ##.#### ..........#
#..... ######


You could see an endoplasm, a bat, a kobold and a rat.

Vanquished Creatures
  A dart slug (D:1)
  A bat (D:1)
  An endoplasm (D:1)
  3 goblins (D:1)
  2 hobgoblins (D:1)
  2 quokkas (D:1)
  2 ball pythons (D:1)
  A frilled lizard (D:1)
  2 rats (D:1)
15 creatures vanquished.

Notes
Turn   | Place    | Note
-------+----------+-------------------------------------------
     0 | D:1      | zenocrate the Octopode Transmuter began the quest for the
                  | Orb.
     0 | D:1      | Reached XP level 1. HP: 13/13 MP: 3/3
   164 | D:1      | Reached skill level 1 in Stealth
   227 | D:1      | Reached XP level 2. HP: 13/18 MP: 5/5
   261 | D:1      | Learned a level 2 spell: Wereblood
   346 | D:1      | Slain by a rat

Illustrated notes

Levels and vault maps discovered:
D:1:      ncdulo_wetmaze, layout_rooms, serial_shops,
          nicolae_shop_temple_entry_statues_fountains, minmay_misc_feat_enclosed

Skill      XL: |  1 |
---------------+----+-----
Stealth        | 1 |  1.7
Fighting       | |  1.0
Dodging        | |  2.0
Unarmed Combat | |  3.3
Spellcasting   | |  2.0
Transmutations | |  2.4

Action                     || total
---------------------------++-------
  Melee: Unarmed           ||    36
         Constrict         ||    12
         Tentacles         ||     8
         Kick              ||     5
   Cast: Beastly Appendage ||     3
         Wereblood         ||     2
   Stab: Sleeping          ||     3
 Armour: Skin              ||     8
  Dodge: Dodged            ||    34

Table legend: (Time is in decaauts)
 A = Elapsed time spent in this place.
 B = Non-inter-level travel time spent in this place.
 C = Inter-level travel time spent in this place.
 D = Time resting spent in this place.
 E = Time spent auto-exploring this place.
 F = Levels seen in this place.
 G = Mean time per level.
                   A        B        C        D        E       F      G
               +--------+--------+--------+--------+--------+-----+--------+
         Total |    344 |    344 |      0 |      0 |    227 |   1 |  344.0 |
       Dungeon |    344 |    344 |      0 |      0 |    227 |   1 |  344.0 |
               +--------+--------+--------+--------+--------+-----+--------+

Top non-repeatable levels by time:
     D:1: 344 daAuts
